 Dungeon Crawl Stone Soup version 0.30-a0-989-g0d87f670db (webtiles) character file.

Game seed: 14656728882942210748

25 Arcadio the Magician (level 3, -5/27 HPs)
             Began as a Djinni Ice Elementalist on Apr 3, 2023.
             Slain by a gnoll
             ... wielding a +0 spear
              (9 damage)
             ... on level 2 of the Dungeon.
             The game lasted 00:04:44 (925 turns).

Arcadio the Magician (Djinni Ice Elementalist)       Turns: 925, Time: 00:04:46

Health: -5/27      AC:  2    Str:  7    XL:     3   Next: 17%
Gold:   100        EV: 12    Int: 18    God:
                   SH:  0    Dex: 13

rFire   + + .      SeeInvis .    c - +0 dagger
rCold   x . .      Faith    .    (no shield)
rNeg    . . .      Spirit   .    a - +0 robe
rPois   ∞          Reflect  .    (no helmet)
rElec   .          Rampage  .    (no cloak)
rCorr   .                        (no gloves)
Will    .....                    (boots unavailable)
Stlth   ++                       (no amulet)
HPRegen 0.24/turn                (no ring)
MPRegen 0.00/turn                (no ring)

@: freezing walls, flying
A: sickness immunity, fire resistance 2, cold vulnerability 1, float, innate
caster, HP casting, extra vitality 1
a: no special abilities


You were on level 2 of the Dungeon.
You visited 1 branch of the dungeon, and saw 2 of its levels.

You collected 100 gold pieces.

Inventory:

Hand Weapons
 c - a +0 dagger (weapon)
Armour
 a - a +0 robe (worn)
Scrolls
 d - 2 scrolls of identify {unknown}
 e - a scroll of magic mapping {unknown}
Potions
 b - a potion of curing {unknown}


   Skills:
 + Level 1.1 Fighting
 + Level 2.8 Dodging
 - Level 1.6 Stealth
 + Level 3.5 Spellcasting


You knew the following spells:

 Your Spells              Type           Power      Damage    Failure   Level
a - Freeze                Ice            60%        1d7       3%          1
b - Frozen Ramparts       Ice            30%        1d5       11%         3
c - Ozocubu's Armour      Ice            15%        N/A       11%         3
d - Summon Ice Beast      Ice/Summ       15%        N/A       36%         4
e - Slow                  Hex            60%        N/A       3%          1
Your spell library was empty.

Dungeon Overview and Level Annotations

Branches:
Dungeon (2/15) Zot: 11074

Altars:


Innate Abilities, Weirdness & Mutations

You are immune to sickness and miasma.
You are immune to poison.
Your flesh is very heat resistant. (rF++)
You are vulnerable to cold. (rC-)
You float through the air rather than walking.
You learn spells naturally, not from books.
Your magical power is your life essence.
You have superior vitality. (+4 MHP)


Message History

The quokka is severely wounded.
The quokka bites you but does no damage.
You hit the quokka but do no damage.
The quokka is severely wounded.
The quokka misses you.
You hit the quokka.
You kill the quokka!
You see here a quokka corpse.
You now have 82 gold pieces (gained 11).
Found a Young Poisoner's Handbook.
You now have 100 gold pieces (gained 18).
A gnoll comes into view. It is wielding a +0 spear.
A gnoll is nearby!
You need no library to learn spells.
A gnoll comes into view. It is wielding a +0 spear.
A gnoll comes into view. It is wielding a +0 halberd.
The gnoll shouts!
You hear a shout!
The gnoll moves out of view.
You see here a Young Poisoner's Handbook.
The gnoll hits you from afar with a +0 spear.
A gnoll comes into view. It is wielding a +0 club.
The gnoll hits you with a +0 spear!
You hit the gnoll.
The gnoll is moderately wounded.
The gnoll barely misses you.
You hit the gnoll but do no damage.
The gnoll is moderately wounded.
The gnoll hits you from afar with a +0 spear.
The gnoll barely misses you.
Casting: Freeze (safe; 3% risk of failure)
Confirm with . or Enter, or press ? or * to list all spells.
The spell is quite dangerous to miscast (11% risk of failure)!
Continue anyway?
Casting: Frozen Ramparts (quite dangerous; 11% risk of failure)
Press: ? - help, Dir - look around, f - activate The walls around you are covered in ice.
* * * LOW HITPOINT WARNING * * *
The gnoll hits you from afar with a +0 spear.
* * * LOW HITPOINT WARNING * * *
The gnoll hits you with a +0 spear!
You die...

#..................#
####....##........
#....##.....##.
#....##........
#####...........###
.................#
######...:.........
#....###..##..
#..g@# ... #.g..#
#....... #.....g..
#.....g...
#..........
#...........
####.........


You could see 4 gnolls.

Vanquished Creatures
  A dart slug (D:1)
  2 bats (D:1)
  3 endoplasms (D:1)
  2 giant cockroaches (D:1)
  3 hobgoblins (D:1)
  2 quokkas
  A frilled lizard (D:1)
  4 goblins (D:1)
18 creatures vanquished.

Notes
Turn   | Place    | Note
-------+----------+-------------------------------------------
     0 | D:1      | Arcadio the Djinni Ice Elementalist began the quest for the
                  | Orb.
     0 | D:1      | Arcadio set off with the following spells memorised:
                  | Freeze, Frozen Ramparts, Ozocubu's Armour, Summon Ice
                  | Beast.
     0 | D:1      | Reached XP level 1. HP: 15/15 MP: 0/0
   209 | D:1      | Reached XP level 2. HP: 21/22 MP: 0/0
   680 | D:1      | Reached skill level 1 in Fighting
   744 | D:1      | Reached XP level 3. HP: 25/27 MP: 0/0
   744 | D:1      | Learned a level 1 spell: Slow
   925 | D:2      | Slain by a gnoll

Illustrated notes

Levels and vault maps discovered:
D:1:      dpeg_arrival_windows_large_door, layout_loops_cross
D:2:      layout_basic, eino_curves_01

Skill      XL: |  1  2 |
---------------+-------+-----
Fighting       | 1 |  1.1
Dodging        | |  2.8
Stealth        | |  1.6
Spellcasting   | |  3.5

Action                     || total
---------------------------++-------
  Melee: Unarmed           ||     3
         Dagger            ||    49
   Cast: Freeze            ||    10
         Frozen Ramparts   ||     1
   Stab: Sleeping          ||     6
 Armour: Robe              ||    12
  Dodge: Dodged            ||    25

Table legend: (Time is in decaauts)
 A = Elapsed time spent in this place.
 B = Non-inter-level travel time spent in this place.
 C = Inter-level travel time spent in this place.
 D = Time resting spent in this place.
 E = Time spent auto-exploring this place.
 F = Levels seen in this place.
 G = Mean time per level.
                   A        B        C        D        E       F      G
               +--------+--------+--------+--------+--------+-----+--------+
         Total |    924 |    892 |     32 |      0 |    575 |   2 |  462.0 |
       Dungeon |    924 |    892 |     32 |      0 |    575 |   2 |  462.0 |
               +--------+--------+--------+--------+--------+-----+--------+

Top non-repeatable levels by time:
     D:1: 893 daAuts
     D:2: 30 daAuts
